 Dungeon Crawl Stone Soup version 0.18.1-8-gdd0e5ea (webtiles) character file.

32 Metae the Skirmisher (level 3, 0/34 HPs)
             Began as a Hill Orc Abyssal Knight on June 10, 2016.
             Was a Follower of Lugonu.
             Slain by a scorpion (4 damage)
             ... on level 1 of the Dungeon.
             The game lasted 00:05:42 (1378 turns).

Metae the Skirmisher (Hill Orc Abyssal Knight)      Turns: 1378, Time: 00:05:43

Health: 0/34       AC:  3    Str: 14    XL:     3   Next: 27%
Magic:  4/4        EV: 11    Int: 12    God:    Lugonu [*.....]
Gold:   42         SH:  0    Dex: 11    Spells: 0 memorised, 2 levels left

rFire  . . .     SeeInvis .     a - +1 hand axe
rCold  . . .     Gourm    .     b - +0 leather armour
rNeg   . . .     Faith    .     (no shield)
rPois  .         Spirit   .     (no helmet)
rElec  .         Dismiss  .     (no cloak)
rCorr  .         Reflect  .     (no gloves)
SustAt +         Harm     .     (no boots)
MR     .....                    j - amulet of rage
Stlth  +.........               (no ring)
                                l - ring of sustain attributes

@: lethally poisoned (0 -> -8), not resistant to hostile enchantments, very
unstealthy
A: no striking features
a: Depart the Abyss, Renounce Religion, Evoke Berserk Rage


You were on level 1 of the Dungeon.
You worshipped Lugonu.
Lugonu was aware of your devotion.
You were not hungry.

You visited 1 branch of the dungeon, and saw 1 of its levels.
You visited the Abyss 1 time.

You collected 42 gold pieces.

Inventory:

Hand Weapons
 a - a +1 hand axe (weapon)
 i - a +0 mace of holy wrath
Armour
 b - a +0 leather armour (worn)
Jewellery
 j - an amulet of rage (around neck)
 l - a ring of sustain attributes (left hand)
Scrolls
 d - a scroll of remove curse {unknown}
 g - a scroll of teleportation {unknown}
 o - a scroll of immolation {unknown}
Potions
 e - a potion of heal wounds {unknown}
 f - a potion of lignification
 h - a potion of brilliance {unknown}
 n - a potion of magic {unknown}
Comestibles
 c - 3 bread rations
 k - a meat ration
 m - a chunk of flesh


   Skills:
 * Level 4.5 Fighting
 + Level 3.1 Axes
 * Level 2.4 Armour
 - Level 0.7 Dodging
 + Level 2.5 Invocations
 * Level 0.6 Evocations


You had 2 spell levels left.
You didn't know any spells.

Dungeon Overview and Level Annotations

Branches:
Dungeon (1/15)

Altars:
The Shining One


Message History

The scorpion is heavily wounded.
The scorpion misses you.
You closely miss the scorpion.
The scorpion is heavily wounded.
The scorpion stings you.
You hit the scorpion but do no damage.
The scorpion is heavily wounded.
The scorpion stings you!
You are poisoned.
The scorpion poisons you!
You hit the scorpion.
The scorpion is almost dead.
* * * LOW HITPOINT WARNING * * *
You feel sick. The scorpion stings you.
* * * LOW HITPOINT WARNING * * *
You completely miss the scorpion.
The scorpion is almost dead.
* * * LOW HITPOINT WARNING * * *
You feel sick. The scorpion stings you.
You die...

.###.......##.##..........######.
........##..###................#.
.............#..#................
.............#..#.........#######
................#.....(...'......
####.###........#.........#######
# #.# #.........####.##### ## #.#
#[........## #.# .###.#
#........@s# #.#
..##)###........#.###.#
8......#........#..##.#
.....).###########.##.# .......#
##..#)### ..#(...# #.......#
.##....# #.......# ###....#
#.......# # #....# #.......#


You could see a scorpion.

Vanquished Creatures
  A dart slug (D:1)
  A giant gecko (D:1)
  A bat (D:1)
  A giant cockroach (D:1)
  4 goblins (D:1)
  2 hobgoblins (D:1)
  8 jackals (D:1)
  A giant newt (D:1)
  2 kobolds (D:1)
  4 rats (D:1)
25 creatures vanquished.

Notes
Turn   | Place    | Note
--------------------------------------------------------------
     0 | Abyss:1  | Metae the Hill Orc Abyssal Knight began the quest for the Orb.
     0 | Abyss:1  | Reached XP level 1. HP: 19/19 MP: 2/2
     0 | D:1      | Escaped the Abyss
     9 | D:1      | Reached skill level 4 in Fighting
    35 | D:1      | Reached XP level 2. HP: 9/27 MP: 3/3
   296 | D:1      | Found a glowing golden altar of the Shining One.
   747 | D:1      | Reached * piety under Lugonu
   879 | D:1      | Reached XP level 3. HP: 20/34 MP: 4/4
  1368 | D:1      | Noticed a scorpion
  1378 | D:1      | Slain by a scorpion

Skill      XL: |  1 |
---------------+----+-----
Fighting       | 4 |  4.5
Axes           | 3 |  3.1
Armour         | |  2.4
Dodging        | |  0.7
Invocations    | |  2.5
Evocations     | |  0.6

Action                   || total
-------------------------++-------
Melee: Hand axe          ||    92
Invok: Depart the Abyss  ||     1
  Use: Potion            ||     1
  Eat: Chunk             ||     2
Armor: Leather armour    ||    28
       Skin              ||     1
Dodge: Dodged            ||    83
